 Dungeon Crawl Stone Soup version 0.24-a0-264-gf46a388 (webtiles) character file.

Game seed: 14964724210424974762

1966 Hasart the Slicer (level 9, 0/57 HPs)
             Began as a Kobold Gladiator on Apr 20, 2019.
             Was a Believer of Wu Jian.
             Slain by a hippogriff (2 damage)
             ... on level 7 of the Dungeon.
             The game lasted 00:16:40 (5255 turns).

Hasart the Slicer (Kobold Gladiator)                Turns: 5255, Time: 00:16:41

Health: 0/57       AC:  4    Str: 12    XL:     9   Next: 43%
Magic:  10/10      EV: 21    Int:  9    God:    Wu Jian [**....]
Gold:   236        SH:  0    Dex: 19    Spells: 8/8 levels left

rFire    . . .     SeeInvis .   a - +0 rapier
rCold    + + .     Gourm    .   (shield restricted)
rNeg     . . .     Faith    .   b - +0 leather armour
rPois    .         Spirit   .   c - +0 helmet
rElec    .         Reflect  .   (no cloak)
rCorr    .         Harm     .   (no gloves)
MR       .....                  (no boots)
Stlth    ++++......             (no amulet)
HPRegen  0.19/turn              e - ring of protection from cold
MPRegen  0.12/turn              t - ring of protection from cold

@: no status effects
A: small, carnivore
a: Wall Jump, Renounce Religion


You were on level 7 of the Dungeon.
You worshipped Wu Jian.
Wu Jian was pleased with you.
You were completely stuffed.

You visited 2 branches of the dungeon, and saw 8 of its levels.

You collected 278 gold pieces.
You spent 42 gold pieces at shops.

Inventory:

Hand Weapons
 a - a +0 rapier (weapon)
Missiles
 d - 5 throwing nets (quivered)
Armour
 b - a +0 leather armour (worn)
 c - a +0 helmet (worn)
Jewellery
 e - a ring of protection from cold (left hand)
 t - a ring of protection from cold (right hand)
Wands
 s - a wand of random effects (19)
Scrolls
 g - a scroll of immolation {unknown}
 j - 2 scrolls of teleportation
 k - 2 scrolls of enchant weapon {unknown}
 m - a scroll of noise {unknown}
 n - 6 scrolls of identify
 o - a scroll of remove curse
 r - a scroll of blinking {unknown}
 v - a scroll of amnesia {unknown}
Potions
 h - 5 potions of haste
 i - a potion of lignification {unknown}
 l - 2 potions of might {unknown}
 p - 3 potions of curing
 q - 2 potions of berserk rage {unknown}
 u - a potion of invisibility {unknown}
Comestibles
 f - 14 rations
 w - 3 chunks of flesh


   Skills:
 + Level 7.1 Fighting
 * Level 11.9 Short Blades
 + Level 3.4 Throwing
 + Level 1.9 Armour
 + Level 8.3 Dodging
 + Level 8.8 Stealth
 + Level 1.9 Evocations


You had 8 spell levels left.
You didn't know any spells.
Your spell library was empty.

Dungeon Overview and Level Annotations

Branches:
Dungeon (7/15)             Temple (1/1) D:4

Altars:
Ashenzari
Cheibriados
Dithmenos
Elyvilon
Fedhas
Gozag
Hepliaklqana
Kikubaaqudgha
Makhleb
Nemelex Xobeh
Okawaru
Qazlal
Ru
Sif Muna
Trog
Uskayaw
Vehumet
Wu Jian
Xom
Yredelemnul
Zin
The Shining One

Shops:
D:4 !


Innate Abilities, Weirdness & Mutations

You are small and have problems with some larger weapons.
You are carnivorous and can eat meat at any time.


Message History

The hippogriff is severely wounded.
You hit the hippogriff.
The hippogriff is severely wounded.
The hippogriff closely misses you. The hippogriff pecks you.
The hippogriff claws you. The hippogriff bites you. The hippogriff pecks you!
* * * LOW HITPOINT WARNING * * *
The hippogriff claws you but does no damage.
You spin and attack the hippogriff.
You barely miss the hippogriff.
The hippogriff is severely wounded.
The hippogriff bites you but does no damage.
The hippogriff pecks you.
* * * LOW HITPOINT WARNING * * *
The hippogriff misses you.
Unknown command.
You lunge at the hippogriff.
You puncture the hippogriff!
The hippogriff is almost dead.
The hippogriff completely misses you. The hippogriff pecks you!
* * * LOW HITPOINT WARNING * * *
The hippogriff claws you.
You die...

#..## ##..#
##.## #..##
##..# ...
#..## ....
##..# #....
##.#####...#
##.@......#
##...H.....#
##....†..#...
#........# .
#.........##
..........#
.#........##
#........#
#.......##


You could see a hippogriff.

Vanquished Creatures
  Sigmund (D:2)
  Eustachio (D:5)
  A sky beast (D:7)
  A phantom (D:4)
  A black bear (D:6)
  A centaur (D:5)
  2 ogres (D:5)
  A bullfrog (D:6)
  A howler monkey (D:5)
  3 crimson imps
  2 jellies
  2 hounds (D:4)
  3 orc priests
  A centaur skeleton (D:4)
  An iguana (D:5)
  7 orc wizards
  Terence (D:2)
  A bullfrog skeleton (D:5)
  4 worker ants (D:4)
  A killer bee zombie (D:6)
  A hound zombie (D:6)
  A worker ant zombie (D:4)
  A gnoll (D:4)
  6 adders
  2 shadow imps
  An ooze (D:2)
  4 worms
  2 dart slugs (D:1)
  4 leopard geckos
  31 orcs
  5 giant cockroaches
  5 goblins
  6 hobgoblins
  5 kobolds
  A quokka (D:3)
  2 ball pythons
  8 bats
  4 frilled lizards
  A giant cockroach zombie (D:5)
  7 rats
133 creatures vanquished.

Notes
Turn   | Place    | Note
-------+----------+-------------------------------------------
     0 | D:1      | Hasart the Kobold Gladiator began the quest for the Orb.
     0 | D:1      | Reached XP level 1. HP: 12/12 MP: 1/1
    71 | D:1      | Reached XP level 2. HP: 16/18 MP: 2/2
   227 | D:1      | Reached skill level 1 in Stealth
   343 | D:1      | Reached XP level 3. HP: 22/22 MP: 3/3
   750 | D:2      | Noticed Terence
   774 | D:2      | Killed Terence
   774 | D:2      | Reached skill level 5 in Short Blades
   774 | D:2      | Reached XP level 4. HP: 20/27 MP: 4/4
  1330 | D:2      | Noticed Sigmund
  1339 | D:2      | Reached skill level 10 in Short Blades
  1339 | D:2      | Reached XP level 5. HP: 36/36 MP: 5/5
  1350 | D:2      | Killed Sigmund
  1350 | D:2      | Reached XP level 6. HP: 42/42 MP: 6/6
  1493 | D:3      | Reached XP level 7. HP: 47/47 MP: 7/7
  1682 | D:3      | Reached skill level 11 in Short Blades
  1795 | D:3      | Found a shimmering altar of Xom.
  2359 | D:5      | Entered Level 5 of the Dungeon
  2501 | D:4      | Found a staircase to the Ecumenical Temple.
  2506 | Temple   | Entered the Ecumenical Temple
  2761 | Temple   | Became a worshipper of the Wu Jian Council
  2955 | D:4      | Found Yxkargh's Distillery.
  2966 | D:4      | Bought a potion of curing for 42 gold pieces
  3313 | D:4      | Reached XP level 8. HP: 51/52 MP: 8/8
  3369 | D:4      | Reached * piety under Wu Jian
  3398 | D:4      | Reached skill level 1 in Armour
  3779 | D:5      | Noticed Eustachio
  4075 | D:5      | Killed Eustachio
  4686 | D:5      | Reached skill level 1 in Evocations
  4733 | D:5      | Reached XP level 9. HP: 44/56 MP: 9/9
  5038 | D:6      | Reached ** piety under Wu Jian
  5086 | D:6      | You fall through a shaft!
  5240 | D:7      | Noticed a hippogriff
  5255 | D:7      | HP: 2/57 [hippogriff (8)]
  5255 | D:7      | Slain by a hippogriff

Levels and vault maps discovered:
D:1:      roderic_crop_circles_arrival_large, layout_loops_ring
D:2:      layout_loops_cross, uniq_terence, uniq_sigmund
D:3:      layout_basic, xom_teletrap_fun, minmay_checkerbox
D:4:      layout_cave_pools, minmay_temple_entry_glass, serial_shops, shop,
          first_ration, minmay_unequal
D:5:      layout_gridville, uniq_eustachio
D:6:      layout_basic
D:7:      layout_cave_pods, cheibrodos_ashenzari_chains
Temple:   nicolae_temple_the_god_donut

Skill      XL: |  1  2  3  4  5  6  7  8  9 |
---------------+----------------------------+-----
Stealth        | 1 7 8 |  8.8
Short Blades   | 5 10 11 | 11.9
Dodging        | 4 7 8 |  8.3
Fighting       | 6 7 |  7.1
Armour         | 1 |  1.9
Throwing       | 3 |  3.4
Evocations     | 1 |  1.9

Action                   |  1- 3 |  4- 6 |  7- 9 || total
-------------------------+-------+-------+-------++-------
Melee: Rapier            |    79 |    52 |   514 ||   645
Invok: Lunge             |       |       |    34 ||    34
       Whirlwind         |       |       |    82 ||    82
 Abil: Wall Jump         |       |       |     3 ||     3
  Use: Potion            |       |     3 |       ||     3
       Scroll            |       |       |     4 ||     4
 Stab: Sleeping          |     3 |     1 |    15 ||    19
       Distracted        |       |       |     2 ||     2
  Eat: Chunk             |     7 |     3 |    13 ||    23
Armor: Leather armour    |    16 |    10 |    38 ||    64
Dodge: Dodged            |    73 |    48 |   269 ||   390

Table legend:
 A = Non-vault XP
 B = Vault XP
 C = Vault XP percentage of total XP
 D = Non-vault monster count
 E = Vault monster count
 F = Vault count percentage of total count
                 A         B        C        D         E       F
            +---------+---------+-------+---------+---------+-------
      Total |    2166 |     528 |  19.6 |     121 |      12 |   9.0
            +---------+---------+-------+---------+---------+-------
        D:1 |      35 |       0 |   0.0 |      21 |       0 |   0.0
        D:2 |      51 |     280 |  84.6 |      14 |       2 |  12.5
        D:3 |     152 |      11 |   6.7 |      17 |       4 |  19.0
        D:4 |     619 |      26 |   4.0 |      29 |       5 |  14.7
        D:5 |     737 |     211 |  22.3 |      19 |       1 |   5.0
        D:6 |     305 |       0 |   0.0 |       5 |       0 |   0.0
        D:7 |     267 |       0 |   0.0 |      16 |       0 |   0.0
            +---------+---------+-------+---------+---------+-------
